 Dungeon Crawl Stone Soup version 0.25.1-2-g60ff931df9 (webtiles) character file.

Game seed: 2360571678710687703

53 zeroc00l the Chiller (level 3, 0/24 HPs)
             Began as a Merfolk Ice Elementalist on Nov 13, 2020.
             Slain by a goblin (5 damage)
             ... led by Robin
             ... on level 2 of the Dungeon.
             The game lasted 00:06:04 (1601 turns).

zeroc00l the Chiller (Merfolk Ice Elementalist)     Turns: 1601, Time: 00:06:05

Health: 0/24       AC:  3    Str:  8    XL:     3   Next: 87%
Magic:  2/6        EV: 13    Int: 15    God:
Gold:   40         SH:  0    Dex: 14    Spells: 0/7 levels left

rFire    . . .     SeeInvis +   a - +0 spear
rCold    . . .     Gourm    .   (no shield)
rNeg     . . .     Faith    .   k - +0 robe
rPois    .         Spirit   .   (no helmet)
rElec    .         Reflect  .   (no cloak)
rCorr    .         Harm     .   (no gloves)
MR       .....                  d - +0 pair of boots (curse)
Stlth    ++........             (no amulet)
HPRegen  0.08/turn              j - ring of see invisible
MPRegen  0.10/turn              (no ring)

@: mighty
A: change form in water, swift swim, stealthy swim
a: no special abilities


You were on level 2 of the Dungeon.
You were not hungry.

You visited 1 branch of the dungeon, and saw 2 of its levels.

You collected 40 gold pieces.

Inventory:

Hand Weapons
 a - a +0 spear (weapon)
 e - a +0 dagger
Armour
 d - a cursed +0 pair of boots (worn)
 k - a +0 robe (worn)
Jewellery
 j - a ring of see invisible (left hand)
Scrolls
 f - a scroll of remove curse {unknown}
 m - a scroll of amnesia {unknown}
 n - a scroll of random uselessness {unknown}
Potions
 b - a potion of resistance {unknown}
 h - a potion of ambrosia {unknown}
 i - a potion of brilliance {unknown}
 l - a potion of might
Comestibles
 c - 3 rations
 g - a chunk of flesh


   Skills:
 - Level 0.1 Fighting
 - Level 0.2 Short Blades
 * Level 1.4 Polearms
 + Level 3.0 Dodging
 + Level 2.6 Stealth
 + Level 2.5 Spellcasting
 - Level 5.0 Ice Magic


You couldn't memorise any spells.
You knew the following spells:

 Your Spells              Type           Power        Failure   Level  Hunger
a - Freeze                Ice            ###.         2%          1    #......
b - Frozen Ramparts       Ice            ###...       9%          3    ###....
c - Ozocubu's Armour      Chrm/Ice       #.......     22%         3    ###....

Your spell library contained the following spells:

 Spells                   Type           Power        Failure   Level  Hunger
 Hailstorm                Conj/Ice       #.......     58%         4    #####..
 Summon Ice Beast         Ice/Summ       #.......     58%         4    #####..


Dungeon Overview and Level Annotations

Branches:
Dungeon (2/15)

Altars:

Annotations:
D:2 Robin


Message History

The goblin barely misses you. The hobgoblin closely misses you.
You closely miss the hobgoblin.
The hobgoblin is severely wounded.
Robin throws the goblin at you! The goblin hits you. x2
The goblin barely misses you. The hobgoblin barely misses you.
You hit the hobgoblin but do no damage.
The hobgoblin is severely wounded.
Robin says, "We wiped out the hill dwarves - you're next!"
Robin hits you but does no damage. The goblin misses you. The goblin hits you.
The goblin closely misses you. The hobgoblin closely misses you.
A rat comes into view.
You hit the hobgoblin but do no damage.
The hobgoblin is severely wounded.
The goblin barely misses you. x2; The goblin hits you.
* * * LOW HITPOINT WARNING * * *
The hobgoblin barely misses you. The rat closely misses you.
It was a potion of might.
You feel very mighty all of a sudden. The goblin hits you.
You die...

.. .... . ..# .###.....
#. .. ......... .... .
......#r. .#.#...
......#.#....#.###
......gg#..........
.......r##..........
.......g@g..........
.......gg#..........
......................
#.......................
....#####...............
<....................g..
..##########......#.....
.. #..##.##.....
#####รท)..#......


You could see Robin, a hobgoblin (strong), 4 goblins and 2 rats.

Vanquished Creatures
  An adder (D:2)
  A dart slug (D:1)
  3 bats (D:1)
  3 giant cockroaches (D:1)
  9 goblins
  8 hobgoblins
  2 frilled lizards (D:1)
  5 kobolds (D:1)
  6 rats (D:1)
38 creatures vanquished.

Notes
Turn   | Place    | Note
-------+----------+-------------------------------------------
     0 | D:1      | zeroc00l the Merfolk Ice Elementalist began the quest for
                  | the Orb.
     0 | D:1      | Reached XP level 1. HP: 13/13 MP: 3/3
   265 | D:1      | Reached XP level 2. HP: 19/19 MP: 1/5
   816 | D:1      | Reached skill level 5 in Ice Magic
   841 | D:1      | Reached XP level 3. HP: 24/24 MP: 2/6
  1087 | D:1      | Learned a level 3 spell: Frozen Ramparts
  1473 | D:2      | Reached skill level 1 in Polearms
  1576 | D:2      | Learned a level 3 spell: Ozocubu's Armour
  1586 | D:2      | Noticed Robin
  1601 | D:2      | Slain by a goblin

Illustrated notes

Levels and vault maps discovered:
D:1:      dpeg_arrival_tiny_h, layout_loops_ring
D:2:      layout_rooms, first_ration, nrook_mini_backslash,
          kennysheep_jessica_study, uniq_robin

Skill      XL: |  1  2  3 |
---------------+----------+-----
Ice Magic      | 5 |  5.0
Polearms       | 1 |  1.4
Dodging        | 3 |  3.0
Fighting       | |  0.1
Short Blades   | |  0.2
Stealth        | |  2.6
Spellcasting   | |  2.5

Action                   || total
-------------------------++-------
Melee: Unarmed           ||     4
       Dagger            ||    32
       Spear             ||    34
 Cast: Freeze            ||    43
       Frozen Ramparts   ||     1
  Use: Potion            ||     1
 Stab: Sleeping          ||     3
  Eat: Chunk             ||     3
Armor: Robe              ||    27
Dodge: Dodged            ||    71
